 Dungeon Crawl Stone Soup version 0.17.1-1-g73c8601 (webtiles) character file.

201 JustSomeDude the Insei (level 5, -1/42 HPs)
             Began as a Demonspawn Monk on Jan 4, 2016.
             Slain by Pikel
             ... wielding a +0 whip of flaming
              (4 damage)
             ... on level 4 of the Dungeon.
             The game lasted 00:12:23 (3374 turns).

JustSomeDude the Insei (Demonspawn Monk)            Turns: 3374, Time: 00:12:23

Health: -1/42      AC:  7    Str: 11    XL:     5   Next: 50%
Magic:  5/5        EV: 12    Int: 12    God:
Gold:   233        SH:  4    Dex: 16    Spells: 0 memorised, 4 levels left

rFire  . . .     SeeInvis .     a - +0 hand axe
rCold  . . .     Clarity  .     r - +0 scale mail (curse)
rNeg   . . .     SustAt   .     f - +0 buckler
rPois  .         Gourm    .     (helmet restricted)
rElec  .         Spirit   .     t - +0 cloak
rCorr  .         Warding  .     (no gloves)
rMut   .         Stasis   .     (no boots)
MR     .....                    (no amulet)
Stlth  +.........               (no ring)
                                m - +3 ring of evasion

@: lethally poisoned (-1 -> -7), not resistant to hostile enchantments, very
unstealthy
A: antennae 1, powered by pain 1
a: no special abilities


You were on level 4 of the Dungeon.
You were not hungry.

You visited 1 branch of the dungeon, and saw 4 of its levels.

You collected 233 gold pieces.

Inventory:

Hand Weapons
 a - a +0 hand axe (weapon)
Missiles
 p - 31 stones (quivered)
Armour
 f - a +0 buckler (worn)
 r - a cursed +0 scale mail (worn)
 t - a +0 cloak (worn)
Jewellery
 m - a +3 ring of evasion (left hand)
Wands
 e - a wand of teleportation (0)
Scrolls
 c - 2 scrolls of remove curse {unknown}
 d - 4 scrolls of identify
 k - 2 scrolls of magic mapping
 n - a scroll of teleportation {unknown}
Potions
 g - a potion of magic
 q - a potion of cure mutation
Comestibles
 b - 3 bread rations
 l - 2 meat rations


   Skills:
 + Level 3.8 Fighting
 + Level 0.8 Axes
 + Level 1.2 Armour
 + Level 3.6 Dodging
 + Level 2.6 Stealth
 + Level 0.5 Shields
 + Level 4.3 Unarmed Combat


You had 4 spell levels left.
You didn't know any spells.

Dungeon Overview and Level Annotations

Branches:
Dungeon (4/15)
 Temple: D:4-7

Altars:
Ashenzari
Dithmenos
Qazlal
Vehumet
Yredelemnul
The Shining One

Annotations:
D:4 Pikel


Innate Abilities, Weirdness & Mutations

You have a pair of small antennae on your head.
You sometimes gain a little power by taking damage.


Message History

Drink which item? (? for menu, Esc to quit)
It was a potion of cure mutation.
It has a very clean taste.
* * * LOW HITPOINT WARNING * * *
You feel sick. Pikel barely misses you.
Drink which item? (? for menu, Esc to quit)
You have no mutations to cure!
Drink which item? (? for menu, Esc to quit)
Your magic is already full.
Read which item? (? for menu, Esc to quit)
As you read the scroll labeled JOLODU JUNEUS, it crumbles to dust.
You feel forgetful for a moment.
It was a scroll of amnesia.
* * * LOW HITPOINT WARNING * * *
You feel sick. Pikel closely misses you.
Read which item? (? for menu, Esc to quit)
As you read the scroll labeled HUROKU HOSIL, it crumbles to dust.
The creatures around you are filled with an inner flame!
It was a scroll of immolation.
* * * LOW HITPOINT WARNING * * *
You feel sick. Pikel hits you with a whip of flaming.
You die...

######### ......#.## ###
.........## ###S###
......##..######@Kppp##
.....##.........###p..###
....#...#####..## ###...###
......##* #..# ###...###
....### #..# ###...#** #.##*
#..# *****#.....#* ##*
##.#****,,,,.......#*
#######.#*,,,,,,..K.......
###.....#.#**,,,,...........


You could see Pikel (inner flame), 4 slaves and an adder (inner flame).

Vanquished Creatures
  2 orc priests
  Crazy Yiuf (D:3)
  Ijyb (D:2)
  3 adders
  A worm (D:3)
  3 giant geckos
  2 orcs
  8 hobgoblins
  3 jackals (D:2)
  A quokka (D:3)
  5 bats
  2 giant cockroaches
  2 giant newts
  3 goblins
  8 kobolds
  11 rats
  A fungus (D:2)
57 creatures vanquished.

Vanquished Creatures (others)
  2 fungi (D:2)
  A plant (D:2)
3 creatures vanquished.

Grand Total: 60 creatures vanquished

Notes
Turn   | Place    | Note
--------------------------------------------------------------
     0 | D:1      | JustSomeDude the Demonspawn Monk began the quest for the Orb.
     0 | D:1      | Reached XP level 1. HP: 18/18 MP: 1/1
   391 | D:1      | Gained mutation: You have a pair of small antennae on your head. [demonic ancestry]
   391 | D:1      | Reached XP level 2. HP: 24/24 MP: 2/2
   635 | D:1      | Reached skill level 4 in Unarmed Combat
   956 | D:2      | Found a shattered altar of Ashenzari.
   960 | D:2      | Saw a vision of the Swamp and the Snake Pit.
   960 | D:2      | Noticed a water moccasin
   960 | D:2      | Noticed an alligator
   960 | D:2      | Noticed a swamp drake
   960 | D:2      | Noticed an alligator
   960 | D:2      | Noticed a naga mage
   960 | D:2      | Noticed a naga sharpshooter
   961 | D:2      | Noticed a mana viper
   962 | D:2      | Noticed a salamander mystic
  1148 | D:2      | Noticed Ijyb
  1185 | D:2      | Reached XP level 3. HP: 15/29 MP: 3/3
  1296 | D:2      | Killed Ijyb
  1296 | D:2      | Gained mutation: You sometimes gain a little power by taking damage. [demonic ancestry]
  1296 | D:2      | Reached XP level 4. HP: 20/35 MP: 4/4
  1316 | D:2      | Found a stormy altar of Qazlal.
  1591 | D:2      | Found a radiant altar of Vehumet.
  1612 | D:2      | Found a shadowy altar of Dithmenos.
  1612 | D:2      | Found a glowing golden altar of the Shining One.
  1615 | D:2      | Found a basalt altar of Yredelemnul.
  2123 | D:3      | Reached skill level 1 in Armour
  2123 | D:3      | Reached XP level 5. HP: 34/41 MP: 5/5
  2575 | D:3      | Noticed Crazy Yiuf
  2587 | D:3      | Killed Crazy Yiuf
  2893 | D:4      | Noticed a phantom
  3335 | D:4      | Noticed a slave
  3337 | D:4      | Noticed Pikel
  3337 | D:4      | Noticed a slave
  3338 | D:4      | Noticed a slave
  3338 | D:4      | Noticed a slave
  3374 | D:4      | Slain by Pikel

Action                   |  1- 3 |  4- 6 || total
-------------------------+-------+-------++-------
Melee: Unarmed           |   160 |    49 ||   209
       Hand axe          |       |   117 ||   117
  Use: Potion            |     2 |     9 ||    11
       Scroll            |       |     4 ||     4
 Stab: Sleeping          |     6 |     2 ||     8
  Eat: Chunk             |     1 |     5 ||     6
       Meat ration       |       |     1 ||     1
